AoeStats
← Comend x comend

Arabia

509538814Analyzed
3v3 RM · 4d ago on Sep 27, 2026· 75m 8s· 6 players
Game mode
Random Map
Map size
Normal (6 player)
Population
200
Speed
Normal
Resources
Standard
Victory
Conquest
Starting age
Dark Age
Ending age
Imperial Age
RankedLock teamsTeams togetherTeam positionsShared explorationLock speedFull tech treeHidden civsTurbo modeCheats
Victory
Defeat
🇨🇳 Franks · China
1421
+14
🇨🇱 Ethiopians · Chile
1329
+18
🇨🇦 Spanish · Canada
1318
+20
🇦🇷 Koreans · Argentina
1417
-19
🇵🇪 Ethiopians · Peru
1371
-17
🇦🇷 Magyars · Argentina
1348
-16
Comend x comend
8:47 Loom
12:31 Feudal Age
16:37 Castle Age
15:54 Double-Bit Axe
15:52 Horse Collar
16:07 Gold Mining
21:09 Wheelbarrow
25:17 Gold Shaft Mining
26:08 Husbandry
26:42 Scale Barding Armor
26:47 Forging
35:58 Hand Cart
40:53 Bow Saw
41:42 Iron Casting
41:52 Town Watch
42:11 Scale Mail Armor
42:37 Squires
42:22 Arson
43:05 Man-at-Arms
44:08 Long Swordsman
45:43 Heavy Plow
48:48 Chain Barding Armor
48:45 Chain Mail Armor
70:56 Caravan
Caconero
7:40 Loom
9:47 Feudal Age
10:25 Double-Bit Axe
12:37 Horse Collar
19:59 Castle Age
18:53 Stone Mining
18:55 Gold Mining
19:20 Fletching
23:47 Stone Shaft Mining
24:16 Bow Saw
25:57 Wheelbarrow
25:07 Town Watch
28:14 Eupseong
30:02 Ballistics
31:14 Bodkin Arrow
33:29 Scale Mail Armor
33:47 Squires
35:46 Treadmill Crane
39:29 Imperial Age
38:23 Gold Shaft Mining
39:39 Town Patrol
40:11 Bracer
40:08 Arrowslits
41:15 Hand Cart
43:10 Chemistry
44:10 Conscription
45:22 Two-Man Saw
46:09 Chain Mail Armor
46:07 Murder Holes
47:24 Husbandry
48:15 Plate Mail Armor
47:34 Arson
48:56 Forging
48:25 Capped Ram
49:21 Heavy Plow
49:42 Elite Fire Lancer
51:04 Iron Casting
51:28 Pikeman
52:52 Halberdier
59:30 Scale Barding Armor
60:02 Guilds
60:35 Chain Barding Armor
62:19 Coinage
74:57 Banking
TEN PIEDAD
6:35 Loom
9:29 Feudal Age
10:17 Double-Bit Axe
19:27 Castle Age
18:56 Scale Barding Armor
19:35 Bloodlines
19:30 Gold Mining
20:14 Husbandry
24:25 Chain Barding Armor
34:18 Double-Bit Axe
35:25 Bow Saw
35:34 Horse Collar
36:29 Gold Shaft Mining
38:27 Wheelbarrow
37:39 Town Watch
42:05 Imperial Age
41:51 Fletching
43:31 Plate Barding Armor
43:04 Cavalier
48:51 Paladin
50:13 Conscription
61:45 Pikeman
62:47 Scale Mail Armor
63:37 Halberdier
64:48 Chain Mail Armor
69:52 Bodkin Arrow
70:38 Bracer
70:52 Elite Skirmisher
72:18 Ballistics
73:42 Chemistry
74:27 Padded Archer Armor
Bugzy
8:31 Loom
11:09 Feudal Age
15:14 Castle Age
24:41 Padded Archer Armor
35:29 Imperial Age
36:43 Leather Archer Armor
38:47 Ring Archer Armor
41:04 Husbandry
41:16 Bloodlines
41:43 Cavalier
43:31 Scale Barding Armor
47:29 Chain Barding Armor
50:20 Forging
51:08 Plate Barding Armor
52:57 Wheelbarrow
52:39 Forging
55:40 Iron Casting
57:32 Caravan
63:28 Fletching
72:54 Coinage
74:54 Banking
AJEP
8:08 Loom
11:03 Feudal Age
11:45 Double-Bit Axe
11:41 Horse Collar
14:29 Fletching
15:50 Padded Archer Armor
23:53 Castle Age
24:00 Crossbowman
24:36 Bodkin Arrow
24:57 Leather Archer Armor
29:03 Ballistics
37:00 Wheelbarrow
40:06 Forging
42:09 Heavy Plow
43:19 Bow Saw
43:37 Scale Mail Armor
48:13 Chain Mail Armor
49:07 Hand Cart
52:33 Iron Casting
52:08 Stone Mining
52:08 Gold Mining
55:15 Imperial Age
54:55 Squires
54:40 Arson
55:23 Arbalester
57:38 Stone Shaft Mining
57:39 Gold Shaft Mining
58:04 Two-Man Saw
57:13 Thumb Ring
57:05 Town Watch
58:26 Chemistry
58:43 Plate Mail Armor
58:16 Bracer
58:47 Ring Archer Armor
59:21 Halberdier
60:40 Conscription
62:41 Plate Mail Armor
63:12 Blast Furnace
63:54 Town Patrol
.
10:18 Feudal Age
10:50 Double-Bit Axe
11:10 Loom
13:52 Scale Barding Armor
22:43 Castle Age
21:17 Gold Mining
22:38 Forging
23:39 Bow Saw
24:28 Chain Barding Armor
24:57 Husbandry
26:20 Iron Casting
25:47 Stone Mining
27:30 Wheelbarrow
29:30 Gold Shaft Mining
30:31 Hand Cart
39:49 Imperial Age
38:03 Light Cavalry
39:52 Cavalier
41:35 Blast Furnace
41:12 Plate Barding Armor
41:16 Conscription
41:30 Paladin
47:10 Caravan
48:41 Coinage
53:35 Fletching
55:31 Hoardings
55:13 Masonry
60:10 Bodkin Arrow
61:41 Chemistry
61:07 Ballistics
64:43 Scale Mail Armor
64:29 Elite Throwing Axeman
66:47 Chain Mail Armor
71:33 Plate Mail Armor
73:39 Chemistry
73:10 Architecture
72:46 Siege Engineers
72:23 Treadmill Crane
72:41 Murder Holes
Connection lost

Rejoining the realm…

Still unreachable

The connection could not be restored.

Session expired

The server has moved on; the page needs a fresh start.